 Dungeon Crawl Stone Soup version 0.18.1-8-gdd0e5ea (webtiles) character file.

22 Chemotherapy the Insei (level 2, 0/21 HPs)
             Began as an Octopode Monk on May 22, 2016.
             Slain by a worm (10 damage)
             ... on level 2 of the Dungeon.
             The game lasted 00:00:47 (720 turns).

Chemotherapy the Insei (Octopode Monk)               Turns: 720, Time: 00:00:48

Health: 0/21       AC:  1    Str: 10    XL:     2   Next: 91%
Magic:  2/2        EV: 13    Int: 12    God:
Gold:   70         SH:  0    Dex: 14    Spells: 0 memorised, 1 level left

rFire  . . .     SeeInvis .       - Unarmed
rCold  . . .     Gourm    .     (no shield)
rNeg   . . .     Faith    .     (helmet restricted)
rPois  .         Spirit   .     (no amulet)
rElec  .         Dismiss  .     (no ring)
rCorr  .         Reflect  .     (no ring)
SustAt .         Harm     .     (no ring)
MR     .....                    (no ring)
Stlth  +++.......               (no ring)
                                (no ring)
                                (no ring)
                                (no ring)

@: not resistant to hostile enchantments, fairly stealthy
A: almost no armour, amphibious, 8 rings, constrict 8, camouflage 1, gelatinous
body 1
a: no special abilities


You were on level 2 of the Dungeon.
You were not hungry.

You visited 1 branch of the dungeon, and saw 2 of its levels.

You collected 70 gold pieces.

Inventory:

Scrolls
 c - a scroll of teleportation {unknown}
 e - a scroll of magic mapping {unknown}
 f - a scroll of remove curse {unknown}
 g - 2 scrolls of identify {unknown}
 i - a scroll of fog {unknown}
 j - a scroll of fear {unknown}
Potions
 b - a potion of agility {unknown}
 h - a potion of curing {unknown}
Comestibles
 a - 2 bread rations {@e1}
 d - a royal jelly


   Skills:
 + Level 3.0 Fighting
 + Level 3.0 Dodging
 + Level 2.8 Stealth
 * Level 4.7 Unarmed Combat


You had one spell level left.
You didn't know any spells.

Dungeon Overview and Level Annotations

Branches:
Dungeon (2/15)

Altars:


Innate Abilities, Weirdness & Mutations

You cannot wear most types of armour.
You are amphibious.
You can wear up to eight rings at the same time.
You can use your tentacles to constrict eight enemies at once.
Your skin changes colour to match your surroundings (Stealth).
Your rubbery body absorbs attacks (AC +1).


Message History

You see here a runed chain mail.
h - a dark potion
Found a stone staircase leading down.
You see here a hand axe.
Found a runed short sword.
You see here a runed short sword.
All of the chunks of flesh in your inventory have rotted away.
Found a runed spear.
g - 2 scrolls labeled MIPAMA EFIKA (gained 1)
d - a royal jelly A rat comes into view.
A hobgoblin comes into view. It is wielding a club.
The hobgoblin shouts!
The hobgoblin moves out of view.
You tentacle-slap the rat.
You kill the rat!
You see here a rat corpse.
A hobgoblin is nearby!
You tentacle-slap the hobgoblin. Your grab misses the hobgoblin.
You squeeze the hobgoblin, but do no damage.
The hobgoblin closely misses you.
You barely miss the hobgoblin. You grab the hobgoblin.
Your squeeze misses the hobgoblin. You constrict the hobgoblin.
The hobgoblin misses you.
You barely miss the hobgoblin. You constrict the hobgoblin.
The hobgoblin misses you.
A kobold comes into view.
There are monsters nearby!
You barely miss the hobgoblin.
The kobold shouts!
You squeeze the hobgoblin.
You kill the hobgoblin!
The kobold throws a stone.
The stone barely misses you.
A kobold is nearby!
The kobold throws a stone.
The stone barely misses you.
Things that are here:
a stone; a club You miss the kobold.
You grab the kobold. You constrict the kobold. The kobold barely misses you.
You tentacle-slap the kobold but do no damage.
You constrict the kobold. The kobold barely misses you.
You tentacle-slap the kobold but do no damage.
You constrict the kobold, but do no damage.
The kobold closely misses you.
A kobold is nearby!
You tentacle-slap the kobold.
You kill the kobold!
No target in view!
No target in view!
Things that are here:
a stone; a kobold corpse You now have 70 gold pieces (gained 7).
An ooze comes into view.
An ooze is nearby!
A kobold comes into view. It is wielding a whip.
The helpless ooze fails to defend itself.
You tentacle-slap the ooze. You squeeze the ooze. The ooze hits you.
You take 4 damage, and have 17/21 hp.
You tentacle-slap the ooze.
You kill the ooze!
The kobold shouts!
You miss the kobold. You grab the kobold. You squeeze the kobold.
You kill the kobold!
No target in view!
No target in view!
Things that are here:
a whip; a kobold corpse A dart slug comes into view.
A dart slug is nearby!
The dart slug barely misses you.
You tentacle-slap the dart slug. You grab the dart slug.
You squeeze the dart slug!
You kill the dart slug!
No target in view!
No target in view!
i - a scroll labeled AGIFRE LIDD You see here 13 stones.
You see here a chain mail.
There is a stone staircase leading down here.
j - a scroll labeled CEKKOC KISHRA Health restored: 21 You see here a leather armour.
Done exploring.
Done exploring.
(D) Dungeon
Where to? (? - help)
There is a stone staircase leading down here.
You climb downwards.
Found a stone staircase leading down.
There is a stone staircase leading up here.
A worm comes into view.
A worm is nearby!
You tentacle-slap the worm. Your grab misses the worm. The worm bites you!
Ouch! That really hurt!
You take 11 damage, and have 10/21 hp.
MASSIVE DAMAGE!!
You barely miss the worm. You grab the worm. You constrict the worm.
You tentacle-slap the worm but do no damage.
You squeeze the worm. You constrict the worm. The worm bites you!
You die...

#... #..# #..#
#..# #..###
###.>..####.##
#<............
######.####.#.#
#.@w.....#
########.#


You could see a worm.

Vanquished Creatures
  An ooze (D:1)
  A dart slug (D:1)
  A giant cockroach (D:1)
  2 goblins (D:1)
  2 hobgoblins (D:1)
  A bat (D:1)
  5 kobolds (D:1)
  4 rats (D:1)
17 creatures vanquished.

Notes
Turn   | Place    | Note
--------------------------------------------------------------
     0 | D:1      | Chemotherapy the Octopode Monk began the quest for the Orb.
     0 | D:1      | Reached XP level 1. HP: 16/16 MP: 1/1
   187 | D:1      | Reached XP level 2. HP: 20/21 MP: 2/2
   720 | D:2      | Slain by a worm

Action                   || total
-------------------------++-------
Melee: Unarmed           ||    32
       Constrict         ||     8
       Tentacles         ||     8
 Stab: Sleeping          ||     6
Dodge: Dodged            ||    12

Vault maps used:
D:1:      erik_arrival_cave_to_civilisation, item_on_display_b
D:2:      wad_pebble_path

Table legend:
 A = Turns spent in this place as a percentage of turns spent in the entire game.
 B = Non-inter-level travel turns spent in this place as a percentage of non-inter-level travel turns spent in the entire game.
 C = Inter-level travel turns spent in this place as a percentage of turns spent in this place.
 D = Turns resting spent in this place as a percentage of non-inter-level travel turns spent in this place.
 E = Turns spent auto-exploring this place as a percentage of non-inter-level travel turns spent in this place.
 F = Non-inter-level travel turns spent in this place divided by the number of levels of this place that you've seen.
                   A       B       C       D       E      F
               +-------+-------+-------+-------+-------+----------------------
         Total | 100.0 | 100.0 |   0.6 |   0.0 |  19.3 |  80.5
       Dungeon | 100.0 | 100.0 |   0.6 |   0.0 |  19.3 |  80.5
               +-------+-------+-------+-------+-------+----------------------

Table legend:
 A = Kills in this place as a percentage of kills in entire the game.
 B = Kills by you in this place as a percentage of kills by you in the entire game.
 C = Kills by friends in this place as a percentage of kills by friends in the entire game.
 D = Other kills in this place as a percentage of other kills in the entire game.
 E = Experience gained in this place as a percentage of experience gained in the entire game.
 F = Experience gained in this place divided by the number of levels of this place that you have seen.
                   A       B       C       D       E      F
               +-------+-------+-------+-------+-------+----------------------
         Total | 100.0 | 100.0 |  -nan |  -nan | 100.0 |  16.0
       Dungeon | 100.0 | 100.0 |  -nan |  -nan | 100.0 |  16.0
               +-------+-------+-------+-------+-------+----------------------
